[ AOE2 MATCH · #493745595 ]
1v1 RMPersians vs Vietnamese
Player's team · WIN
[ REPLAY ANALYSIS · EXTRACTED FROM THE RECORDED GAME ]
Feudal
—
Castle
—
Imperial
—
| APM avg | 57.9 |
| APM peak | 93 |
| eAPM avg | 26.0 |
| Villagers / military | 26 / 3 |
Focus
⚔️ 34.0% · 🌾 66.0%
Militia ×3
Feudal
—
Castle
—
Imperial
—
| APM avg | 75.9 |
| APM peak | 110 |
| eAPM avg | 22.6 |
| Villagers / military | 18 / 0 |
Focus
⚔️ 42.6% · 🌾 57.4%
Match map
Initial resources + every placement click. Lines = walls · curves = elevation contours. ◆ gold · ⬟ stone · ● berries · ✦ relic · ◌ wall gap
Your base
Kunsito's base
Smoothed initial terrain · ◌ = detected wall gap · hover for details
Inputs per minute
— MztK | FeNiX - - Kunsito
Build order — MztK | FeNiX
40 actions detected in the replay
| 0:01 | Create | Villager (Male) |
| 0:01 | Create | Villager (Male) |
| 0:01 | Create | Villager (Male) |
| 0:02 | Build | House |
| 0:04 | Build | House |
| 0:30 | Create | Villager (Male) |
| 0:31 | Create | Villager (Male) |
| 0:31 | Create | Villager (Male) |
| 1:37 | Create | Villager (Male) |
| 1:39 | Build | Barracks |
| 1:41 | Build | House |
| 2:08 | Create | Villager (Male) |
| 2:08 | Create | Villager (Male) |
| 2:08 | Create | Villager (Male) |
| 2:34 | Create | Militia |
| 2:59 | Create | Militia |
| 3:13 | Create | Villager (Male) |
| 3:29 | Create | Militia |
| 3:40 | Create | Villager (Male) |
| 3:40 | Create | Villager (Male) |
| 3:44 | Build | House |
| 4:00 | Create | Villager (Male) |
| 4:17 | Create | Villager (Male) |
| 4:42 | Create | Villager (Male) |
| 4:47 | Create | Villager (Male) |
| 5:51 | Create | Villager (Male) |
| 5:51 | Create | Villager (Male) |
| 5:56 | Build | Lumber Camp |
| 6:13 | Create | Villager (Male) |
| 6:13 | Create | Villager (Male) |
| 6:18 | Create | Villager (Male) |
| 6:18 | Create | Villager (Male) |
| 6:43 | Build | House |
| 7:24 | Create | Villager (Male) |
| 7:25 | Research | Loom |
| 7:31 | Build | House |
| 7:53 | Create | Villager (Male) |
| 7:53 | Create | Villager (Male) |
| 8:25 | Build | Mill |
| 8:54 | Build | Town Center |
Build order — Kunsito
42 actions detected in the replay
| 0:00 | Create | Villager (Male) |
| 0:01 | Create | Villager (Male) |
| 0:02 | Build | House |
| 0:03 | Build | House |
| 0:22 | Create | Villager (Male) ×2 |
| 1:24 | Create | Villager (Male) |
| 1:43 | Build | Lumber Camp |
| 1:55 | Create | Villager (Male) |
| 2:19 | Create | Villager (Male) |
| 2:41 | Create | Villager (Male) |
| 3:15 | Create | Villager (Male) |
| 3:33 | Create | Villager (Male) |
| 3:53 | Build | House |
| 3:57 | Create | Villager (Male) |
| 4:13 | Create | Villager (Male) |
| 4:45 | Create | Villager (Male) |
| 4:59 | Create | Villager (Male) |
| 5:23 | Create | Villager (Male) |
| 5:35 | Build | Palisade Wall |
| 5:36 | Build | Palisade Wall |
| 5:37 | Build | Palisade Wall |
| 6:08 | Create | Villager (Male) |
| 6:19 | Build | Lumber Camp |
| 6:26 | Research | Loom |
| 6:33 | Build | House |
| 7:10 | Create | Villager (Male) |
| 7:16 | Build | Mill |
| 7:37 | Create | Villager (Male) |
| 7:48 | Build | Palisade Wall |
| 7:51 | Build | Palisade Wall |
| 7:53 | Build | Palisade Wall |
| 8:04 | Research | Feudal Age |
| 8:05 | Research | Feudal Age |
| 8:09 | Build | Palisade Wall |
| 8:12 | Build | House |
| 8:17 | Build | Lumber Camp |
| 8:37 | Build | House |
| 8:52 | Build | Palisade Wall |
| 8:53 | Build | Palisade Wall |
| 8:55 | Build | Palisade Wall |
| 9:00 | Build | Palisade Wall |
| 9:01 | Build | House |
Match timeline
| 1:39 | MztK | FeNiX · first_building Barracks |
| 5:35 | Kunsito · wall_segment Palisade Wall x1 |
| 5:36 | Kunsito · wall_segment Palisade Wall x1 |
| 5:37 | Kunsito · wall_segment Palisade Wall x1 |
| 7:48 | Kunsito · wall_segment Palisade Wall x1 |
| 7:51 | Kunsito · wall_segment Palisade Wall x1 |
| 7:53 | Kunsito · wall_segment Palisade Wall x1 |
| 8:09 | Kunsito · wall_segment Palisade Wall x5 |
| 8:52 | Kunsito · wall_segment Palisade Wall x1 |
| 8:53 | Kunsito · wall_segment Palisade Wall x1 |
| 8:55 | Kunsito · wall_segment Palisade Wall x4 |
| 9:00 | Kunsito · wall_segment Palisade Wall x1 |
| 9:27 | Kunsito · resign |
[ AI ANALYSIS · 1 CREDIT ]
What really happened in this match?
Wolo.gg analyzes every decision: build order, eco, micro, common mistakes by bracket. Personalized analysis on WhatsApp or Discord in 30 seconds.
Civ guide
Persians
Map guide
Arabia
Perfil
Jugador #2326154